 Dungeon Crawl Stone Soup version 0.25.1-8-g42b30a86e7 (webtiles) character file.

Game seed: 15958172072269240821

159 gruber the Changer (level 5, -2/37 HPs)
             Began as a Merfolk Transmuter on Dec 12, 2020.
             Killed by divine providence
             ... invoked by an orc priest
              (12 damage)
             ... on level 3 of the Dungeon.
             The game lasted 00:02:30 (1987 turns).

gruber the Changer (Merfolk Transmuter)             Turns: 1987, Time: 00:02:30

Health: -2/37      AC:  2    Str: 11    XL:     5   Next: 40%
Magic:  6/8        EV: 21    Int: 13    God:
Gold:   110        SH:  0    Dex: 19    Spells: 2/8 levels left

rFire    . . .     SeeInvis .     - Unarmed
rCold    . . .     Gourm    .   (shield currently unavailable)
rNeg     . . .     Faith    .   (armour currently unavailable)
rPois    x         Spirit   .   (helmet currently unavailable)
rElec    .         Reflect  .   (cloak currently unavailable)
rCorr    +         Harm     .   (gloves currently unavailable)
MR       .....                  (boots currently unavailable)
Stlth    ++........             e - amulet of regeneration
HPRegen  0.52/turn              o - ring of resist corrosion
MPRegen  0.11/turn              (no ring)

@: spider-form
A: tiny, (change form in water), (swift swim), (stealthy swim)
a: End Transformation


You were on level 3 of the Dungeon.
You were not hungry.
You were a venomous arachnid creature.
You visited 1 branch of the dungeon, and saw 3 of its levels.

You collected 110 gold pieces.

Inventory:

Missiles
 a - 24 arrows
Armour
 b - a +0 robe (melded)
 s - a scarf of invisibility (melded)
Jewellery
 e - an amulet of regeneration (around neck)
 l - an uncursed amulet of magic regeneration {unknown}
 o - a ring of resist corrosion (left front leg)
Scrolls
 c - a scroll of magic mapping {unknown}
 f - a scroll of blinking {unknown}
 g - 2 scrolls of remove curse {unknown}
 k - 3 scrolls of identify {unknown}
Potions
 h - 2 potions of heal wounds {unknown}
 i - a potion of stabbing {unknown}
 j - 2 potions of curing
 m - a potion of might {unknown}
 n - a potion of haste {unknown}
 p - a potion of brilliance {unknown}
 q - 3 potions of mutation {unknown}
 t - a potion of lignification {unknown}
Comestibles
 d - 4 rations
 r - 4 chunks of flesh


   Skills:
 - Level 1.1 Fighting
 - Level 2.6 Dodging
 - Level 5.1 Unarmed Combat
 - Level 2.0 Spellcasting
 * Level 5.5 Transmutations


You had 2 spell levels left.
You knew the following spells:

 Your Spells              Type           Power        Failure   Level  Hunger
a - Beastly Appendage     Tmut           ###...       10%         1    ##.....
b - Sticks to Snakes      Tmut           ###.....     13%         2    ###....
c - Spider Form           Tmut/Pois      #.........   45%         3    ####...

Your spell library contained the following spells:

 Spells                   Type           Power        Failure   Level  Hunger
 Blade Hands              Tmut           ###.......   78%         5    ######.
 Ice Form                 Ice/Tmut       #.......     82%         4    #####..


Dungeon Overview and Level Annotations

Branches:
Dungeon (3/15)

Altars:


Message History

Pain shoots through your body!
* * * LOW HITPOINT WARNING * * *
The orc throws a boomerang.
The boomerang closely misses you.
The weapon returns to the orc!
It was a potion of curing.
You feel better.
The orc priest casts a cantrip, but nothing happens.
You bite the orc priest!
You kill the orc priest!
Your Transmutations skill increases to level 5!
You bite the orc!
You kill the orc!
The orc misses you.
The orc throws a boomerang.
The boomerang hits you.
* * * LOW HITPOINT WARNING * * *
The weapon returns to the orc!
Unknown command.
You hit the orc.
The orc is severely wounded.
The orc priest mumbles some strange prayers to Beogh against you.
Beogh smites you!
You die...

#......###..........#
##...##.##..8...8....#
.... ##.#$..........^#
.##.##..#o...........#
#..?..#$...........#
#####...##..8...8o..#
........###........o#
######...#########..#
######......)...s)o>#
.................o..#
######..........#####
#..........#
#..........#
#..........#
#..........#
##........##
##..<...##


You could see an orc priest and 2 orcs.

Vanquished Creatures
  2 orc priests (D:3)
  A gnoll (D:1)
  3 adders
  3 oozes
  2 leopard geckos (D:2)
  2 orcs
  3 giant cockroaches
  8 goblins
  3 hobgoblins
  5 kobolds
  8 bats
  4 frilled lizards
  5 rats
49 creatures vanquished.

Vanquished Creatures (collateral kills)
  A kobold (D:2)
  A bat (D:3)
2 creatures vanquished.

Grand Total: 51 creatures vanquished

Notes
Turn   | Place    | Note
-------+----------+-------------------------------------------
     0 | D:1      | gruber the Merfolk Transmuter began the quest for the Orb.
     0 | D:1      | Reached XP level 1. HP: 15/15 MP: 3/3
   253 | D:1      | Reached XP level 2. HP: 21/21 MP: 3/5
   510 | D:1      | Reached XP level 3. HP: 26/26 MP: 6/6
   514 | D:1      | Learned a level 2 spell: Sticks to Snakes
   518 | D:1      | Learned a level 3 spell: Spider Form
  1150 | D:2      | Reached skill level 5 in Unarmed Combat
  1260 | D:2      | Reached XP level 4. HP: 32/32 MP: 3/7
  1920 | D:3      | Reached XP level 5. HP: 29/37 MP: 8/8
  1985 | D:3      | Reached skill level 5 in Transmutations
  1987 | D:3      | Killed from afar by an orc priest

Illustrated notes

Levels and vault maps discovered:
D:1:      dpeg_arrival_tiny_c, layout_rooms
D:2:      wad_crossroads, layout_basic, minmay_misc_feat_square
D:3:      cheibrodos_pilgrimage, layout_rooms, bloody_makhleb

Skill      XL: |  1  2  3  4  5 |
---------------+----------------+-----
Unarmed Combat | 4 5 |  5.1
Transmutations | 3 4 5 |  5.5
Fighting       | |  1.1
Dodging        | |  2.6
Spellcasting   | |  2.0

Action                   |  1- 3 |  4- 6 || total
-------------------------+-------+-------++-------
Melee: Unarmed           |   132 |    57 ||   189
       Headbutt          |     8 |     2 ||    10
       Punch             |     4 |     2 ||     6
 Cast: Beastly Appendage |    10 |     2 ||    12
       Sticks to Snakes  |     2 |     2 ||     4
       Spider Form       |       |     1 ||     1
  Use: Potion            |       |     1 ||     1
 Stab: Sleeping          |       |     2 ||     2
  Eat: Chunk             |     2 |     2 ||     4
Armor: Robe              |    21 |    13 ||    34
Dodge: Dodged            |    82 |    56 ||   138
